 Dungeon Crawl Stone Soup version 0.31.0-32-g396128a36d (webtiles) character file.

Game seed: 5609106119520118813

11790 DildoBatman the Reanimator (level 12, -7/84 (89) HPs)
             Began as a Formicid Conjurer on Mar 8, 2024.
             Was an Initiate of Gozag.
             Mangled by a spectral boulder beetle (8 damage)
             ... on level 11 of the Dungeon.
             The game lasted 00:49:10 (11975 turns).

DildoBatman the Reanimator (Formicid Conjurer)     Turns: 11975, Time: 00:49:11

HP:   -7/84 (89)    AC: 12    Str: 12 (13) XL:     12   Next: 12%
MP:   0/21          EV: 13    Int: 30      God:    Gozag
Gold: 386           SH:  0    Dex: 11 (12) Spells: 5/23 levels left

rFire   . . .        a - +10 sling of Benevolence {drain, Will+ Int+2 SInv}
rCold   . . .        (no shield)
rNeg    . . .        A - +2 robe
rPois   .            (helmet unavailable)
rElec   .            s - +2 cloak
rCorr   .            S - +2 pair of gloves
SInv    +            j - +0 pair of boots
Will    ++...        (no amulet)
Stlth   ++           X - +6 ring of intelligence
HPRegen 0.34/turn    b - +4 ring of slaying
MPRegen 0.17/turn

%: no passive effects
@: drained
A: permanent stasis, dig shafts and tunnels, antennae 3, four strong arms
a: Dig, Shaft Self, Renounce Religion, Potion Petition, Call Merchant, Bribe
Branch


You were on level 11 of the Dungeon.
You worshipped Gozag.
Gozag was aware of your devotion.
You visited 2 branches of the dungeon, and saw 12 of its levels.
You also visited: Bailey.

You collected 951 gold pieces.
You spent 352 gold pieces at shops.
You paid 213 gold pieces to Gozag.

Inventory:

Hand Weapons
 a - the +10 sling of Benevolence (weapon) {drain, Will+ Int+2 SInv}
   (You bought it in a shop on level 10 of the Dungeon)

   Int+2:     It affects your intelligence (+2).
   Will+:     It increases your willpower.
   SInv:      It lets you see invisible.
Missiles
 y - 10 poisoned darts
 M - 5 atropa-tipped darts
 R - 2 throwing nets
Armour
 j - a +0 pair of boots (worn)
 s - a +2 cloak (worn)
 A - a +2 robe (worn)
 C - the +0 ring mail "Yczo" {rElec Will+ Int-4 SInv}
   (You found it on level 4 of the Dungeon)

   Int-4:     It affects your intelligence (-4).
   rElec:     It insulates you from electricity.
   Will+:     It increases your willpower.
   SInv:      It lets you see invisible.
 L - +0 acid dragon scales
 N - a +1 robe of cold resistance
 S - a +2 pair of gloves (worn)
Magical Staves
 n - a staff of fire
 Z - a staff of conjuration
Jewellery
 b - a +4 ring of slaying (right hand)
 d - a ring of protection from cold
 f - a ring of resist corrosion
 w - a +5 ring of evasion
 T - the ring of the Five Scars {rPois rF- Will+ rCorr Str+6}
   (You found it on level 9 of the Dungeon)

   [ring of resist corrosion]

   Str+6:     It affects your strength (+6).
   rF-:       It makes you vulnerable to fire.
   rPois:     It protects you from poison Will+: It increases your willpower.
   rCorr:     It protects you from acid and corrosion.
 U - a ring of wizardry
 X - a +6 ring of intelligence (left hand)
Wands
 e - a wand of polymorph (4)
 D - a wand of iceblast (4)
 I - a wand of flame (9)
 K - a wand of mindburst (15)
Scrolls
 h - a scroll of noise {unknown}
 o - 3 scrolls of fear {unknown}
 q - 4 scrolls of summoning
 t - 3 scrolls of fog
 u - a scroll of brand weapon {unknown}
 v - 3 scrolls of torment
 B - 2 scrolls of amnesia {unknown}
 E - a scroll of silence {unknown}
 G - 2 scrolls of poison
 H - 4 scrolls of enchant armour
 P - 7 scrolls of enchant weapon
 Q - a scroll of immolation {unknown}
Potions
 c - a potion of attraction {unknown}
 i - a potion of brilliance
 k - 2 potions of magic
 l - 5 potions of might
 m - 2 potions of ambrosia
 p - 5 potions of curing
 r - 2 potions of enlightenment
 x - a potion of lignification
 z - a potion of resistance {unknown}
 F - a potion of berserk rage {unknown}
 J - 7 potions of heal wounds
 O - 2 potions of cancellation {unknown}
 V - a potion of invisibility {unknown}


   Skills:
 - Level 6.3 Fighting
 - Level 4.0 Ranged Weapons
 - Level 6.3 Armour
 - Level 4.3 Dodging
 - Level 4.0 Stealth
 - Level 6.0 Spellcasting
 - Level 6.0 Conjurations
 * Level 8.9 Necromancy
 - Level 4.0 Air Magic
 - Level 8.0 Earth Magic
 - Level 6.0 Alchemy


You had 5 spell levels left.
You knew the following spells:

 Your Spells              Type           Power      Damage    Failure   Level
a - Borgnjor's Vile Clut  Necr/Erth      28%        N/A       4%          5
b - Cigotuvi's Dreadful   Necr/Alch/Air  92%        N/A       1%          2
c - Searing Ray           Conj           90%        2d7       1%          2
d - Lee's Rapid Deconstr  Erth           27%        3d14*     5%          5
e - Mephitic Cloud        Conj/Alch/Air  40%        N/A       1%          3
f - Magic Dart            Conj           100%       1d8       1%          1

Your spell library contained the following spells:

 Spells                   Type           Power      Damage    Failure   Level
 Kiss of Death            Conj/Necr      100%       2d13      1%          1
 Necrotise                Necr           100%       1d9       1%          1
 Shock                    Conj/Air       100%       1d9       1%          1
 Fugue of the Fallen      Necr           58%        N/A       1%          3
 Curse of Agony           Necr           58%        N/A       3%          5
 Dazzling Flash           Conj/Hex       54%        N/A       4%          3
 Fulminant Prism          Conj/Alch      22%        3d12      4%          4
 Apportation              Tloc           18%        N/A       5%          1
 Jinxbite                 Hex            18%        N/A       8%          2
 Anguish                  Hex/Necr       17%        N/A       9%          4
 Airstrike                Air            16%        2d(3-19)  10%         4
 Animate Armour           Summ/Erth      66%        N/A       10%         4
 Alistair's Intoxication  Alch           30%        N/A       12%         5
 Iskenderun's Mystic Bla  Conj/Tloc      27%        2d7       16%         4
 Summon Lightning Spire   Summ/Air       21%        N/A       22%         4
 Silence                  Hex/Air        10%        N/A       54%         5
 Death Channel            Necr           29%        N/A       21%         6
 Swiftness                Air            Unusable   N/A       N/A         3

Dungeon Overview and Level Annotations

Branches:
Dungeon (11/15)            Temple (1/1) D:5            Lair (0/5) D:9
 Bailey (visited)
    Orc: D:9-12

Altars:
Ashenzari
Cheibriados
Dithmenos
Elyvilon
Fedhas
Gozag
Hepliaklqana
Kikubaaqudgha
Makhleb
Nemelex Xobeh
Okawaru
Qazlal
Ru
Sif Muna
Trog
Uskayaw
Vehumet
Wu Jian
Xom
Yredelemnul
Zin
The Shining One

Shops:
D:3 [   D:5 *   D:10 *

Annotations:
D:7 2 transporters
D:9 2 transporters, Henri's ghost, journeyman OpAl


Innate Abilities, Weirdness & Mutations

You cannot be hasted, slowed, berserked, paralysed or teleported.
You can dig through walls and to a lower floor.
You have a pair of large antennae on your head. (SInv)
Your four strong arms can wield two-handed weapons with a shield.


Message History

The spectral boulder beetle barely misses you.
You shoot a sling bullet.
The sling bullet hits the spectral boulder beetle but does no damage.
The spectral boulder beetle is severely damaged.
The spectral boulder beetle bites you but does no damage.
The spectral boulder beetle bites you!
Casting: Mephitic Cloud (safe; 1% risk of failure)
Confirm with . or Enter, or press ? or * to list all spells.
Aiming: Searing Ray (safe; 1% risk of failure)
Press: ? - help, Shift-Dir - straight line, f/p - spectral boulder beetle
Aim: a spectral boulder beetle (severely damaged, 100% to hit)
The searing ray hits the spectral boulder beetle!
The spectral boulder beetle is almost destroyed. (Press . to maintain the ray.)
The spectral boulder beetle bites you.
You feel drained.
The searing ray hits the spectral boulder beetle but does no damage.
The spectral boulder beetle is almost destroyed.
The spectral boulder beetle completely misses you.
The searing ray hits the spectral boulder beetle but does no damage.
The spectral boulder beetle is almost destroyed.
The spectral boulder beetle bites you!
The searing ray hits the spectral boulder beetle but does no damage.
The spectral boulder beetle is almost destroyed.
You finish channelling your searing ray.
The spectral boulder beetle barely misses you.
Casting: Searing Ray (safe; 1% risk of failure)
Confirm with . or Enter, or press ? or * to list all spells.
Aiming: Searing Ray (safe; 1% risk of failure)
Press: ? - help, Shift-Dir - straight line, f/p - spectral boulder beetle
Aim: a spectral boulder beetle (almost destroyed, 100% to hit)
The searing ray hits the spectral boulder beetle.
The spectral boulder beetle is almost destroyed. (Press . to maintain the ray.)
The spectral boulder beetle bites you!
The searing ray hits the spectral boulder beetle but does no damage.
The spectral boulder beetle is almost destroyed.
The spectral boulder beetle bites you!
You die...
Your body crumbles into a pile of gold.

#....# #.......#
#....#####.......#
#................#
#..........#######
#..........#
#..........# ###
#..#'####..# #..
#..#.Z..#..# ###
#..#.@..#....
#..#....+....
#..#..:.#
#..#....#
#..###### #...
####### .......
....... ######.


You could see a spectral boulder beetle.

Vanquished Creatures
  Erica (D:11)
  A boulder beetle (D:11)
  2 two-headed ogres
  2 orc knights (Bailey)
  Pikel (D:5)
  A gargoyle (D:11)
  Maggie (D:7)
  Jeremiah (D:7)
  An unseen horror (D:10)
  A wraith (D:11)
  2 wyverns
  10 yaks
  Grum (D:10)
  4 steam dragons
  4 vampire mosquitoes (D:11)
  2 water moccasins (D:9)
  Duvessa (D:7)
  2 sky beasts
  7 orc warriors
  2 ice beasts
  2 ogres
  A centaur (D:9)
  3 wolves (D:10)
  2 lemures (D:5)
  6 bullfrogs
  2 gnoll sergeants
  Blork the orc (D:6)
  A kobold brigand (D:8)
  A scorpion (D:6)
  A water moccasin zombie (D:4)
  Dowan (D:7)
  3 howler monkeys
  2 bombardier beetles
  2 orc priests
  Crazy Yiuf (D:5)
  7 hounds
  A jelly (D:8)
  2 gnoll boudas
  Terence (D:2)
  9 orc wizards
  A scorpion zombie (D:4)
  2 hound zombies (D:4)
  Robin (D:2)
  17 gnolls
  8 adders
  A shadow imp (D:7)
  A white imp (D:7)
  2 ufetubi (D:6)
  A ribbon worm (D:4)
  A dart slug (D:1)
  57 orcs
  10 ball pythons
  6 bats
  3 endoplasms
  3 giant cockroaches
  22 goblins
  4 hobgoblins
  11 kobolds
  4 quokkas
  2 frilled lizards
  5 rats
258 creatures vanquished.

Vanquished Creatures (collateral kills)
  An orc (D:8)
1 creature vanquished.

Vanquished Creatures (others)
  A yak (D:9)
1 creature vanquished.

Grand Total: 260 creatures vanquished

Notes
Turn   | Place    | Note
-------+----------+-------------------------------------------
     0 | D:1      | DildoBatman the Formicid Conjurer began the quest for the
                  | Orb.
     0 | D:1      | Reached XP level 1. HP: 13/13 MP: 3/3
   176 | D:1      | Reached XP level 2. HP: 20/20 MP: 1/5
   180 | D:1      | Learned a level 2 spell: Searing Ray
   605 | D:1      | Reached skill level 1 in Fighting
   605 | D:1      | Reached XP level 3. HP: 26/26 MP: 0/6
   643 | D:1      | Reached skill level 1 in Armour
  1039 | D:2      | Reached XP level 4. HP: 32/32 MP: 5/7
  1087 | D:2      | Noticed Terence
  1745 | D:3      | Found a hazy altar of Hepliaklqana.
  1808 | D:3      | Found a shimmering blue altar of Sif Muna.
  1899 | D:3      | Found Doapn's Antique Armour Boutique.
  1990 | D:3      | Reached XP level 5. HP: 38/38 MP: 3/9
  2422 | D:4      | Found a basalt altar of Yredelemnul.
  2497 | D:4      | Reached XP level 6. HP: 44/44 MP: 4/10
  3018 | D:4      | Identified the +0 ring mail "Yczo" {rElec Will+ Int-4 SInv}
  3592 | D:5      | Entered Level 5 of the Dungeon
  3727 | D:5      | Found a shimmering altar of Xom.
  3753 | D:5      | Noticed an ogre
  3917 | D:5      | Found Ketialu's Assorted Antiques.
  3934 | D:5      | Reached XP level 7. HP: 51/51 MP: 2/12
  4007 | D:5      | Bought a fuming yellow potion for 22 gold pieces
  4007 | D:5      | Bought a scroll labelled XYID PADGHOSE for 25 gold pieces
  4007 | D:5      | Bought a scroll labelled PELEB QIPP for 25 gold pieces
  4007 | D:5      | Bought a scroll labelled GICOATHRAGAU for 25 gold pieces
  4007 | D:5      | Bought a scroll labelled ZUISHR CYUDDEN for 25 gold pieces
  4217 | D:5      | Found a staircase to the Ecumenical Temple.
  4222 | Temple   | Entered the Ecumenical Temple
  4240 | Temple   | Became a worshipper of Kikubaaqudgha
  4415 | D:2      | Noticed Robin
  4443 | D:2      | Killed Terence
  4465 | D:2      | Killed Robin
  4597 | D:2      | Learned a level 3 spell: Mephitic Cloud
  4796 | D:3      | Got Sif Muna's Guidebook on Space
  5232 | D:5      | Noticed Pikel
  5261 | D:5      | HP: 1/52 [Pikel/+0 whip of flaming (5)]
  5589 | D:5      | Found a runed translucent door.
  5590 | D:5      | Noticed Crazy Yiuf
  5685 | D:5      | Killed Crazy Yiuf
  5904 | D:5      | Killed Pikel
  5905 | D:5      | Reached skill level 5 in Conjurations
  5905 | D:5      | Reached XP level 8. HP: 51/61 MP: 6/15
  5968 | D:6      | Found a burning altar of Makhleb.
  5972 | D:6      | Noticed Blork the orc
  6013 | D:6      | Killed Blork the orc
  6014 | D:6      | Reached skill level 5 in Spellcasting
  6014 | D:6      | Reached skill level 1 in Alchemy
  6100 | D:6      | Reached skill level 1 in Air Magic
  6178 | D:6      | Reached XP level 9. HP: 67/67 MP: 13/16
  6262 | D:6      | Reached skill level 5 in Armour
  6449 | D:7      | Reached * piety under Kikubaaqudgha
  6449 | D:7      | Received a gift from Kikubaaqudgha
  6465 | D:7      | Reached skill level 5 in Fighting
  6713 | D:7      | Noticed Dowan
  6731 | D:7      | Noticed Duvessa
  6760 | D:7      | Noticed Maggie
  6763 | D:7      | Killed Duvessa
  6783 | D:7      | Killed Maggie
  6784 | D:7      | Reached skill level 5 in Alchemy
  6839 | D:7      | Killed Dowan
  6967 | D:7      | Noticed Jeremiah
  6971 | D:7      | Identified the +2 buckler of Makhleb's Castigation
                  | {*Corrode MP+9 Str+3}
  7120 | D:7      | Killed Jeremiah
  7208 | D:7      | Found a transporter.
  7208 | D:7      | Found a transporter.
  7390 | D:7      | Identified the +0 chain mail "Yxapua Nezxi" {Will+ rCorr}
  7422 | D:7      | Identified the amulet "Vinooss" {Harm rF+ Regen+}
  7485 | D:7      | Learned a level 2 spell: Cigotuvi's Dreadful Rot
  7491 | D:7      | Learned a level 5 spell: Lee's Rapid Deconstruction
  7539 | D:8      | Reached skill level 1 in Earth Magic
  7540 | D:8      | Reached XP level 10. HP: 44/74 MP: 13/19
  7543 | D:8      | Reached skill level 1 in Necromancy
  8087 | D:8      | Reached ** piety under Kikubaaqudgha
  8344 | D:9      | Reached skill level 5 in Earth Magic
  8414 | D:9      | Found a bloodstained altar of Trog.
  8414 | D:9      | Noticed Henri's ghost (journeyman OpAl)
  8415 | D:9      | Noticed a deep troll
  8415 | D:9      | Noticed a moth of wrath
  8415 | D:9      | Noticed a two-headed ogre
  8421 | D:9      | Found a transporter.
  8472 | D:9      | Found a flagged portal.
  8576 | D:9      | Found a staircase to the Lair.
  8626 | D:9      | Found a transporter.
  8737 | D:9      | Identified the ring of the Five Scars {rPois rF- Will+
                  | rCorr Str+6}
  8800 | Bailey   | Entered a bailey
  8965 | Bailey   | Noticed an orc knight
  9051 | Bailey   | Killed an orc knight
  9069 | Bailey   | Noticed an orc knight
  9137 | Bailey   | Killed an orc knight
  9138 | Bailey   | Reached XP level 11. HP: 42/81 MP: 8/20
  9412 | D:9      | Reached *** piety under Kikubaaqudgha
  9412 | D:9      | Received a gift from Kikubaaqudgha
  9441 | D:9      | Noticed a two-headed ogre
  9480 | D:9      | Killed a two-headed ogre
  9481 | D:9      | Reached skill level 5 in Necromancy
  9935 | D:9      | Learned a level 5 spell: Borgnjor's Vile Clutch
 10002 | D:9      | Fell from the grace of Kikubaaqudgha
 10135 | Temple   | Became a worshipper of Gozag Ym Sagoz the Greedy
 10688 | D:10     | Entered Level 10 of the Dungeon
 10920 | D:10     | Noticed Grum
 10948 | D:10     | Killed Grum
 10983 | D:10     | Found an iron altar of Okawaru.
 11064 | D:10     | Found Xaixt's Assorted Antiques.
 11074 | D:10     | Bought a scroll of identify for 40 gold pieces
 11074 | D:10     | Bought a faintly glowing sling for 130 gold pieces
 11074 | D:10     | Identified the +10 sling of Benevolence {drain, Will+ Int+2
                  | SInv} (You bought it in a shop on level 10 of the Dungeon)
 11074 | D:10     | Bought a potion of curing for 60 gold pieces
 11132 | D:10     | Found a blossoming altar of Fedhas.
 11154 | D:10     | Reached skill level 1 in Ranged Weapons
 11589 | D:11     | Noticed a two-headed ogre
 11605 | D:11     | Killed a two-headed ogre
 11606 | D:11     | Noticed Erica
 11615 | D:11     | Killed Erica
 11753 | D:11     | Reached XP level 12. HP: 82/89 MP: 12/21
 11910 | D:11     | Noticed a boulder beetle
 11952 | D:11     | Killed a boulder beetle
 11974 | D:11     | HP: 1/84 [spectral boulder beetle (14)]
 11975 | D:11     | Mangled by a spectral boulder beetle

Illustrated notes

Levels and vault maps discovered:
D:1:      ldierk_walled_garden_2, layout_rooms, nicolae_twisty_statue_hallways
D:2:      layout_loops_ring, uniq_terence, uniq_robin
D:3:      minmay_spotlight, layout_rooms, led_sif_book, lemuel_tele_altar,
          serial_shops, shop, eino_curves_02, kennysheep_decorative_pillar
D:4:      layout_basic, nicolae_yredelemnul_corpse_copse, columned_hall_lemuel
D:5:      layout_gridville, kennysheep_mini_moat, temple_doors_ab, serial_shops,
          nicolae_shop_overgrown_old_shop, uniq_crazy_yiuf_cottage, uniq_pikel
D:6:      layout_rooms, bloody_makhleb, uniq_blork_the_orc
D:7:      layout_basic, gammafunk_ghost_gnarly_gnolls, uniq_duvessa,
          uniq_jeremiah, uniq_maggie
D:8:      layout_gridville
D:9:      layout_roguey, due_lair_maze_entry_diamond, special_room
          [special_room_orc], gammafunk_ghost_wrathful_warriors, enter_bailey_5,
          corner_web_ring, st_stairs_5
D:10:     layout_roguey, okawaru_gym_becter, mainiacjoe_overflow_cross_hatched,
          serial_shops, shop, uniq_grum
D:11:     layout_irregular_city, uniq_erica
Temple:   nicolae_temple_bog_church

Skill      XL: |  1  2  3  4  5  6  7  8  9 10 11 |
---------------+----------------------------------+-----
Fighting       | 1 2 4 5 6 |  6.3
Dodging        | 2 3 4 |  4.3
Armour         | 1 2 4 5 6 |  6.3
Stealth        | 3 4 |  4.0
Conjurations   | 4 5 6 |  6.0
Spellcasting   | 3 4 5 6 |  6.0
Alchemy        | 2 6 |  6.0
Air Magic      | 1 4 |  4.0
Earth Magic    | 1 8 |  8.0
Necromancy     | 3 8 |  8.9
Ranged Weapons | 4 |  4.0

Action                     |  1- 3 |  4- 6 |  7- 9 | 10-12 || total
---------------------------+-------+-------+-------+-------++-------
  Melee: Spear             |       |       |   132 |       ||   132
         Punch             |       |       |     1 |     6 ||     7
         Trident           |       |       |     5 |   347 ||   352
   Fire: Sling             |    21 |    63 |    30 |    93 ||   207
   Cast: Magic Dart        |    27 |    15 |     6 |     1 ||    49
         Searing Ray       |     2 |    27 |    27 |    19 ||    75
         Mephitic Cloud    |       |       |    30 |    78 ||   108
         Lee's Rapid Decon |       |       |       |     2 ||     2
         Cigotuvi's Dreadf |       |       |       |     2 ||     2
         Borgnjor's Vile C |       |       |       |     1 ||     1
 Invoke: Renounce Religion |       |       |       |     1 ||     1
Ability: Dig               |       |       |     1 |     1 ||     2
    Use: Scroll            |       |       |    12 |     2 ||    14
   Stab: Confused          |       |       |    16 |    39 ||    55
 Armour: Robe              |     4 |    16 |    65 |   139 ||   224
  Dodge: Dodged            |     6 |    22 |    65 |   207 ||   300
